 Dungeon Crawl Stone Soup version 0.18.1-8-gdd0e5ea (webtiles) character file.

214854 deorigin the Brawler (level 18, -1/142 HPs)
             Began as a Demonspawn Gladiator on May 29, 2016.
             Was a High Priest of Okawaru.
             Slain by a merfolk
             ... wielding a +0 trident
              (4 damage)
             ... on level 4 of the Shoals.
             The game lasted 02:13:27 (51160 turns).

deorigin the Brawler (Demonspawn Gladiator)        Turns: 51160, Time: 02:13:28

Health: -1/142     AC: 23    Str: 22    XL:     18   Next: 31%
Magic:  0/34       EV:  2    Int: 17    God:    Okawaru [*****.]
Gold:   2795       SH:  0    Dex: 27    Spells: 1 memorised, 16 levels left

rFire  + + .     SeeInvis +       - Unarmed
rCold  + . .     Gourm    .     V - quicksilver dragon armour "Sauraet" {rPois MR+ MP+9 Int+4}
rNeg   + + +     Faith    .     y - +0 shield of Dijimpil {rF+ Int+3}
rPois  ∞         Spirit   +     c - +1 helmet
rElec  .         Dismiss  .     F - +1 cloak {MR+}
rCorr  .         Reflect  +     (no gloves)
SustAt +         Harm     .     O - +0 pair of boots {run}
MR     +++..                    Y - +5 amulet of reflection
Stlth  +++++++...               P - ring of sustain attributes
                                N - ring of the Octopus King {rF+ AC+1 EV+1 Str+1 Int+1 Dex+1}

@: agile, petrified, heroism, quick, extremely resistant to hostile
enchantments, extremely stealthy
A: claws 2, thin skeletal structure 2, see invisible, cold resistance 1, powered
by pain 2, magic shield, magic regeneration, magic link
a: Heroism, Finesse, Renounce Religion
}: 1/15 runes: gossamer


You were on level 4 of the Shoals.
You worshipped Okawaru.
Okawaru was extremely pleased with you.
You were not hungry.

You visited 5 branches of the dungeon, and saw 33 of its levels.
You also visited: Ice Cave.

You collected 3588 gold pieces.
You spent 793 gold pieces at shops.

Inventory:

Hand Weapons
 q - the +8 lance "Wyrmbane" {slay drac, +Rage rPois rF+ AC+5}
   (You took it off a merfolk on level 2 of the Shoals)

   It affects your AC (+5).
   It protects you from fire.
   It protects you from poison.
   It lets you go berserk.
 B - a +1 demon blade of electrocution
Missiles
 j - 9 throwing nets
 J - 46 javelins (quivered)
 K - 15 curare-tipped needles
 Z - 8 javelins of penetration
Armour
 c - a +1 helmet (worn)
 h - a +1 cloak of poison resistance
 i - a +0 cloak of invisibility
 y - the +0 shield of Dijimpil (worn) {rF+ Int+3}
   (You found it on level 15 of the Dungeon)

   It affects your intelligence (+3).
   It protects you from fire.
 F - a +1 cloak of magic resistance (worn)
 O - a +0 pair of boots of running (worn)
 V - the quicksilver dragon armour "Sauraet" (worn) {rPois MR+ MP+9 Int+4}
   (Okawaru gifted it to you on level 10 of the Dungeon)

   It affects your intelligence (+4).
   It protects you from poison.
   It affects your resistance to hostile enchantments.
   It affects your magic capacity (+9).
Jewellery
 b - an uncursed ring of resist corrosion
 g - a +4 ring of strength
 u - an uncursed ring of protection from fire
 D - an uncursed ring of protection from fire
 E - an uncursed amulet of the gourmand
 L - an uncursed ring of protection from fire
 N - a ring of the Octopus King (left claw) {rF+ AC+1 EV+1 Str+1 Int+1 Dex+1}
   (You bought it in a shop on level 2 of the Orcish Mines)

   [ring of protection from fire]

   It affects your AC (+1).
   It affects your evasion (+1).
   It affects your strength (+1).
   It affects your intelligence (+1).
   It affects your dexterity (+1).
   It protects you from fire.
 P - a ring of sustain attributes (right claw)
 Q - an uncursed ring of ice
 Y - a +5 amulet of reflection (around neck)
Scrolls
 k - 2 scrolls of summoning
 m - 3 scrolls of magic mapping
 p - 8 scrolls of remove curse
 z - 3 scrolls of teleportation
 A - 2 scrolls of fear
 R - a scroll of blinking
 T - 13 scrolls of identify
 U - 5 scrolls of fog
 X - 8 scrolls of recharging
Potions
 e - 13 potions of curing
 l - 3 potions of ambrosia
 n - 5 potions of agility
 r - 4 potions of flight
 v - 5 potions of invisibility
 w - 8 potions of magic
 C - 5 potions of berserk rage
 G - 3 potions of might
 H - a potion of brilliance
 I - 2 potions of haste
 M - a potion of heal wounds
Miscellaneous
 a - a disc of storms
 d - a stone of tremors
 o - a fan of gales
 S - a disc of storms
Comestibles
 f - 14 bread rations
 s - 8 beef jerkies
 t - 13 meat rations
 x - 49 fruits


   Skills:
 * Level 12.9(17.9) Fighting
 - Level 3.2(8.2) Long Blades
 - Level 1.7(6.7) Throwing
 * Level 11.1(16.1) Armour
 + Level 12.9(17.9) Dodging
 * Level 5.9(10.9) Stealth
 + Level 11.8(16.8) Shields
 * Level 17.6(22.6) Unarmed Combat
 - Level 10.4 Invocations


You had 16 spell levels left.
You knew the following spells:

 Your Spells              Type           Power        Failure   Level  Hunger
a - Summon Butterflies    Summ           #.......     34%         1    ##.....


Dungeon Overview and Level Annotations

Branches:
Dungeon (15/15) Temple (0/1) D:4 Lair (8/8) D:11 Shoals (4/4) Lair:3 Spider (4/4) Lair:6 Slime (0/6) Lair:7 Orc (2/2) D:11 Elf (0/3) Orc:2 Vaults (0/5) D:13 D:14 Depths (0/5) D:15

Altars:
Dithmenos
Elyvilon
Gozag
Kikubaaqudgha
Nemelex Xobeh
Okawaru
Pakellas
Qazlal
Ru
Sif Muna
Trog
Vehumet
Xom
Zin
Jiyva

Shops:
D:11 }   Orc:2 *(=([

Annotations:
Shoals:4 Polyphemus


Innate Abilities, Weirdness & Mutations

You have very sharp fingernails.
You have a moderately thin skeletal structure (Dex +4, Stealth+).
Your flesh is cold resistant.
You sometimes gain power by taking damage.
When hurt, damage is shared between your health and your magic reserves.
You regenerate magic rapidly.
When low on magic, you restore magic in place of health.
You have supernaturally acute eyesight.


Message History

The merfolk hits you but does no damage.
The death yak gores you but does no damage.
The merfolk hits you but does no damage.
The alligator snapping turtle bites you from afar.
The merfolk hits you but does no damage.
The death yak gores you but does no damage.
The merfolk hits you with a trident!
* * * LOW HITPOINT WARNING * * *
The alligator snapping turtle bites you but does no damage.
The death yak gores you!
* * * LOW HITPOINT WARNING * * *
The merfolk hits you but does no damage. x2
The death yak gores you but does no damage.
The merfolk hits you but does no damage.
The alligator snapping turtle bites you but does no damage.
The merfolk hits you with a trident. The death yak gores you!
* * * LOW HITPOINT WARNING * * *
The merfolk hits you with a trident!
You die...

..≈≈≈≈.≈..≈≈..≈≈≈##≈≈#≈#
...............≈≈≈#≈≈≈≈
.P...≈###.#....≈≈##≈≈#
....#######.....≈≈≈####
P.###.#≈...##≈...≈≈#≈≈###≈
P..#...≈)†)#(..)........≈≈
P.###.#.#..##.(.†.......≈≈
..##.≈.).≈.#...(Cm......≈≈
...##.#.#..##...@Y..<...≈≈
..≈#..=≈[..#.....mt.....≈≈
..###.###.##≈......≈≈≈#≈≈≈
....### ###.......≈(≈(####
....≈.# #.......≈≈≈#≈≈
....... ........≈≈(##≈≈
≈.......<.......≈≈≈≈#
≈≈≈.....≈.......≈≈≈≈≈
≈≈≈≈≈...


You could see Polyphemus (petrified), an alligator snapping turtle, a death yak
and 2 merfolk.

Vanquished Creatures
  The ghost of ThereIsNoGod the Bludgeoner, an adept GrFi of Okawaru (Spider:4)
  A kraken (Shoals:2)
  4 ghost moths
  An orc warlord (Orc:1)
  13 emperor scorpions
  A stone giant (Orc:2)
  Nessos (D:15)
  Azrael (D:13)
  2 spark wasps
  A merfolk javelineer (Shoals:4)
  A fire dragon (D:12)
  3 ettins (Orc:2)
  4 merfolk impalers
  Fannar (D:10)
  The ghost of mrath the Thaumaturge, a journeyman GrEE of Vehumet (IceCv)
  The ghost of deorigin the Severer, a journeyman DDGl of Makhleb (Lair:3)
  3 entropy weavers
  7 hydras
  Erica (D:11)
  Erolcha (D:11)
  A catoblepas (Shoals:4)
  4 centaur warriors
  An alligator snapping turtle (Shoals:2)
  4 merfolk avatars
  A merfolk aquamancer (Shoals:3)
  A satyr (Shoals:2)
  A queen ant (Lair:6)
  4 death yaks
  2 tengu warriors
  Urug (Orc:1)
  A slime creature (D:15)
  A skeletal warrior (D:14)
  A shadow wraith (D:14)
  2 unseen horrors
  5 sea snakes
  A giant orange brain (D:15)
  Pikel (D:7)
  6 hill giants
  16 harpies
  2 orc knights
  A wolf spider zombie (D:15)
  A necromancer (IceCv)
  A wizard (D:15)
  10 griffons
  An oklob plant (Lair:6)
  19 cyclopes
  24 wolf spiders
  4 manticores
  11 fauns
  3 deep elf magi
  2 orc sorcerers (Orc:1)
  5 ugly things
  12 orb spiders
  2 hornets (Spider:3)
  17 elephants
  10 black mambas
  13 sirens
  5 centaur zombies
  3 moths of wrath
  3 ice statues (IceCv)
  An elephant (shapeshifter) (D:15)
  Joseph (D:9)
  A guardian serpent (shapeshifter) (D:15)
  5 water nymphs
  A torpor snail (shapeshifter) (D:15)
  4 centaur skeletons
  2 torpor snails
  20 spiny frogs
  A gargoyle (D:12)
  10 komodo dragons
  2 kobold demonologists
  2 rime drakes
  14 demonic crawlers
  7 ice devils (IceCv)
  2 spriggan druids (Lair:8)
  25 jumping spiders
  20 merfolk
  3 tengu conjurers (D:15)
  A wolf spider simulacrum (D:14)
  6 polar bears (Lair:8)
  5 trolls
  4 wind drakes
  5 two-headed ogres
  19 blink frogs
  A hornet zombie (D:14)
  3 boulder beetles
  7 snapping turtles
  A shadow (D:12)
  5 wraiths
  4 wyverns
  70 redbacks
  24 tarantellas
  A yak (shapeshifter) (D:15)
  12 spriggans (Lair:8)
  8 water elementals
  Grum (D:7)
  16 humans
  6 basilisks
  41 yaks
  4 fire bats (D:12)
  A hog (shapeshifter) (D:13)
  9 vampire mosquitoes
  A steam dragon (Lair:4)
  14 hippogriffs
  2 hungry ghosts
  Menkaure (D:6)
  3 mottled dragons
  A warg (Orc:1)
  5 soldier ants (Lair:6)
  5 hell hounds
  16 water moccasins
  10 porcupines
  21 orc warriors
  A slave (D:6)
  3 sky beasts
  2 black bears (Lair:8)
  A swamp drake (Lair:4)
  6 ice beasts
  2 wasps (Lair:8)
  6 phantoms
  A necrophage (D:9)
  An eye of draining (shapeshifter) (D:15)
  12 ogres
  5 centaurs
  25 wolves
  9 crocodiles
  Blork the orc (D:6)
  3 big kobolds
  A gnoll sergeant (D:8)
  16 giant frogs
  4 scorpions
  A water moccasin skeleton (D:10)
  18 wights
  9 killer bees
  8 howler monkeys
  4 electric eels
  2 lava snakes (D:12)
  12 crimson imps
  A giant frog zombie (D:10)
  A draconian simulacrum (IceCv)
  A quasit (D:13)
  3 giant frog skeletons
  4 jellies
  10 orc priests
  4 hounds
  6 iguanas
  21 orc wizards
  A spriggan simulacrum (IceCv)
  3 troll simulacra (IceCv)
  16 worker ants
  29 sheep
  2 centaur simulacra (IceCv)
  A hound zombie (D:9)
  3 hound skeletons
  A howler monkey skeleton (D:7)
  A worker ant zombie (D:11)
  20 adders
  14 gnolls
  89 river rats
  3 naga simulacra (IceCv)
  An ooze (D:2)
  3 adder skeletons (D:8)
  An adder zombie (D:9)
  A worm (D:2)
  3 dart slugs
  4 giant geckos
  81 orcs
  16 bats
  3 giant cockroaches
  8 goblins
  9 hobgoblins
  17 jackals
  13 kobolds
  7 quokkas
  2 ball pythons
  A ball python zombie (D:5)
  A quokka skeleton (D:6)
  18 rats
  A fire vortex (D:12)
  2 plants (D:10)
  3 tentacles (Shoals:2)
1288 creatures vanquished.

Vanquished Creatures (others)
  5 fauns
  A merfolk (Shoals:3)
  A jumping spider (Spider:4)
  2 slaves (D:7)
  A human (D:5)
  An ogre (D:7)
  An orc wizard (Orc:1)
  An orc priest (Orc:1)
  2 orcs
  3 bushes (Lair:8)
  2 fire vortices (D:12)
  30 fungi
  22 plants
  8 tentacles (Shoals:2)
  745 tentacle segments (Shoals:2)
825 creatures vanquished.

Grand Total: 2113 creatures vanquished

Notes
Turn   | Place    | Note
--------------------------------------------------------------
     0 | D:1      | deorigin the Demonspawn Gladiator began the quest for the Orb.
     0 | D:1      | Reached XP level 1. HP: 16/16 MP: 1/1
   457 | D:1      | Gained mutation: You have sharp fingernails. [demonic ancestry]
   457 | D:1      | Reached XP level 2. HP: 19/22 MP: 2/2
   628 | D:1      | Reached skill level 1 in Unarmed Combat
   648 | D:1      | HP: 1/22 [jackal (3)]
  1305 | D:2      | Gained mutation: You have a somewhat thin skeletal structure (Dex +2, Stealth). [demonic ancestry]
  1305 | D:2      | Reached XP level 3. HP: 22/27 MP: 3/3
  1688 | D:2      | Reached skill level 2 in Unarmed Combat
  1747 | D:2      | Reached skill level 1 in Armour
  1980 | D:2      | Reached XP level 4. HP: 33/33 MP: 4/4
  2204 | D:2      | Found a radiant altar of Vehumet.
  2305 | D:3      | Found an iron altar of Okawaru.
  2321 | D:3      | Reached skill level 3 in Unarmed Combat
  2573 | D:3      | Became a worshipper of Warmaster Okawaru
  2836 | D:3      | Noticed an ice beast
  2946 | D:2      | Reached XP level 5. HP: 25/38 MP: 5/5
  3698 | D:3      | Reached skill level 4 in Unarmed Combat
  4284 | D:4      | Gained mutation: You sometimes gain a little power by taking damage. [demonic ancestry]
  4284 | D:4      | Reached XP level 6. HP: 43/44 MP: 6/6
  4410 | D:3      | Killed an ice beast
  4410 | D:3      | Reached * piety under Okawaru
  4410 | D:3      | Reached skill level 5 in Unarmed Combat
  4656 | D:3      | HP: 2/44 [orc priest/flail (10)]
  5243 | D:4      | Reached skill level 6 in Unarmed Combat
  5531 | D:4      | Gained mutation: When hurt, damage is shared between your health and your magic reserves. [demonic ancestry]
  5531 | D:4      | Reached XP level 7. HP: 46/50 MP: 7/7
  5611 | D:4      | Found a staircase to the Ecumenical Temple.
  6132 | D:5      | Entered Level 5 of the Dungeon
  6477 | D:5      | Noticed a moth of wrath
  6503 | D:5      | Found a bloodstained altar of Trog.
  6737 | D:5      | Found an ancient bone altar of Kikubaaqudgha.
  6742 | D:5      | Noticed a human
  6743 | D:5      | Killed a human
  6848 | D:5      | Reached skill level 7 in Unarmed Combat
  6848 | D:5      | Reached skill level 1 in Invocations
  7146 | D:6      | Found an opulent altar of Gozag.
  7334 | D:6      | Noticed Blork the orc
  7345 | D:6      | Killed Blork the orc
  7345 | D:6      | Reached ** piety under Okawaru
  7345 | D:6      | Reached XP level 8. HP: 45/56 MP: 6/9
  7474 | D:6      | Reached skill level 8 in Unarmed Combat
  8025 | D:6      | Noticed Menkaure
  8032 | D:6      | Killed Menkaure
  8217 | D:6      | Reached skill level 9 in Unarmed Combat
  8588 | D:6      | Reached *** piety under Okawaru
  8706 | D:7      | Noticed Pikel
  9154 | D:7      | Received a gift from Okawaru
  9231 | D:7      | Found a shadowy altar of Dithmenos.
  9262 | D:7      | Reached skill level 10 in Unarmed Combat
  9262 | D:7      | Reached XP level 9. HP: 56/62 MP: 10/10
 10232 | D:7      | Killed Pikel
 10232 | D:7      | Reached skill level 5 in Fighting
 10239 | D:7      | Reached **** piety under Okawaru
 10239 | D:7      | Reached skill level 5 in Dodging
 10737 | D:8      | Reached skill level 1 in Stealth
 11036 | D:8      | Gained mutation: You have very sharp fingernails. [demonic ancestry]
 11036 | D:8      | Reached XP level 10. HP: 58/76 MP: 8/11
 11403 | D:8      | Found a glowing silver altar of Zin.
 11415 | D:8      | Found a sparkling altar of Nemelex Xobeh.
 11433 | D:8      | Noticed Grum
 11526 | D:7      | Killed Grum
 12777 | D:9      | Noticed Joseph
 12796 | D:9      | Killed Joseph
 13120 | D:9      | Found a shimmering altar of Xom.
 13179 | D:9      | Reached ***** piety under Okawaru
 13275 | D:9      | Reached skill level 11 in Unarmed Combat
 13352 | D:8      | Received a gift from Okawaru
 14106 | D:9      | Reached skill level 5 in Armour
 14319 | D:10     | Entered Level 10 of the Dungeon
 14338 | D:10     | Gained mutation: You have a moderately thin skeletal structure (Dex +4, Stealth+). [demonic ancestry]
 14338 | D:10     | Reached XP level 11. HP: 77/83 MP: 12/12
 14410 | D:10     | Noticed Fannar
 14434 | D:10     | Killed Fannar
 15238 | D:10     | Noticed a hill giant
 15262 | D:10     | Killed a hill giant
 15262 | D:10     | Received a gift from Okawaru
 15271 | D:10     | Got a translucent quicksilver dragon armour {god gift}
 15283 | D:10     | Identified the quicksilver dragon armour "Sauraet" {rPois MR+ MP+9 Int+4} (Okawaru gifted it to you on level 10 of the Dungeon)
 15488 | D:10     | Killed an unseen horror
 15624 | D:10     | Learned a level 1 spell: Summon Butterflies
 16237 | D:11     | Found a staircase to the Lair.
 16628 | D:11     | Found an oddly glowing altar of Pakellas.
 16628 | D:11     | Found Pakellas's Prime Provisions.
 16817 | D:11     | Noticed a green ugly thing
 16825 | D:11     | Killed a green ugly thing
 16854 | D:11     | Noticed Erolcha
 16858 | D:11     | Killed Erolcha
 16858 | D:11     | Reached skill level 12 in Unarmed Combat
 16925 | D:11     | Found a deep blue altar of Sif Muna.
 16932 | D:11     | Noticed Erica
 16946 | D:11     | Killed Erica
 17441 | D:11     | Reached skill level 5 in Invocations
 17567 | D:11     | Found a staircase to the Orcish Mines.
 17631 | Lair:1   | Entered Level 1 of the Lair of Beasts
 18285 | Lair:1   | Reached XP level 12. HP: 92/92 MP: 16/16
 18820 | Lair:1   | Received a gift from Okawaru
 19168 | Lair:2   | Noticed an eight-headed hydra
 20046 | Lair:2   | Killed an eight-headed hydra
 20046 | Lair:2   | Reached skill level 13 in Unarmed Combat
 20190 | Lair:3   | Noticed deorigin's ghost (journeyman DDGl)
 20231 | Lair:3   | Killed deorigin's ghost
 20231 | Lair:3   | Received a gift from Okawaru
 20776 | Lair:3   | Found a staircase to the Shoals.
 20816 | Lair:3   | Noticed a four-headed hydra
 20845 | Lair:2   | Killed a four-headed hydra
 21885 | Lair:4   | Found a frozen archway.
 21905 | IceCv    | Entered an ice cave
 22141 | IceCv    | Gained mutation: You regenerate magic rapidly. [demonic ancestry]
 22141 | IceCv    | Reached XP level 13. HP: 101/101 MP: 18/18
 22149 | IceCv    | Noticed mrath's ghost (journeyman GrEE)
 22172 | IceCv    | Killed mrath's ghost
 22639 | Lair:4   | Received a gift from Okawaru
 22927 | Lair:4   | Reached ****** piety under Okawaru
 23774 | Lair:5   | Found a stormy altar of Qazlal.
 24063 | Lair:6   | Reached skill level 14 in Unarmed Combat
 25019 | Lair:6   | Found a hole to the Spider Nest.
 25613 | Lair:7   | Received a gift from Okawaru
 25776 | Lair:7   | Got a transparent long sword {god gift}
 25777 | Lair:7   | Identified the +3 long sword of Interdependent Arising {drain, Str+2} (Okawaru gifted it to you on level 7 of the Lair of Beasts)
 25899 | Lair:7   | Found a staircase to the Slime Pits.
 25900 | Lair:7   | Found a viscous altar of Jiyva.
 26800 | Lair:7   | Gained mutation: When low on magic, you restore magic in place of health. [demonic ancestry]
 26800 | Lair:7   | Reached XP level 14. HP: 103/109 MP: 21/21
 27235 | Lair:8   | Entered Level 8 of the Lair of Beasts
 27346 | Lair:8   | Received a gift from Okawaru
 27385 | Lair:8   | Identified a +0 pair of boots of running (Okawaru gifted it to you on level 8 of the Lair of Beasts)
 27632 | Lair:8   | Reached skill level 10 in Invocations
 27986 | Lair:8   | Reached skill level 10 in Fighting
 28229 | Lair:8   | Reached skill level 10 in Dodging
 28286 | Lair:8   | Reached skill level 15 in Unarmed Combat
 30108 | Orc:1    | Entered Level 1 of the Orcish Mines
 30142 | Orc:1    | Noticed Urug
 30170 | Orc:1    | Killed Urug
 30170 | Orc:1    | Received a gift from Okawaru
 30210 | Orc:1    | Got an ancient scale mail {god gift}
 30214 | Orc:1    | Identified the +2 scale mail of the Morning {rCorr MP-9 Int+3 Dex+4} (Okawaru gifted it to you on level 1 of the Orcish Mines)
 30547 | Orc:1    | Noticed an orc warlord
 30581 | Orc:1    | Killed an orc warlord
 31623 | D:12     | Reached XP level 15. HP: 104/117 MP: 22/22
 32275 | D:12     | Reached skill level 16 in Unarmed Combat
 32565 | D:13     | Noticed Azrael
 32574 | D:13     | Killed Azrael
 33255 | D:13     | Received a gift from Okawaru
 33478 | D:14     | Found a gate to the Vaults.
 34080 | D:14     | Found a white marble altar of Elyvilon.
 34877 | D:14     | Received a gift from Okawaru
 34946 | D:14     | Reached skill level 1 in Shields
 35570 | D:15     | Entered Level 15 of the Dungeon
 35857 | D:15     | Got a scorched shield
 35868 | D:15     | Identified the +0 shield of Dijimpil {rF+ Int+3} (You found it on level 15 of the Dungeon)
 36114 | D:15     | Noticed Nessos
 36133 | D:15     | Killed Nessos
 36367 | D:15     | Found a sacrificial altar of Ru.
 36432 | D:15     | Reached skill level 5 in Shields
 37313 | D:15     | Found a staircase to the Depths.
 37507 | Orc:2    | Entered Level 2 of the Orcish Mines
 37516 | Orc:2    | Found Besiczur's Antique Armour Shop.
 37927 | Orc:2    | Found Tasimem's Antique Weapon Emporium.
 37976 | Orc:2    | Found Zimuim's Jewellery Shoppe.
 37989 | Orc:2    | Reached XP level 16. HP: 108/125 MP: 23/23
 38000 | Orc:2    | Bought a ring of the Octopus King {rF+ AC+1 EV+1 Str+1 Int+1 Dex+1} for 793 gold pieces
 38084 | Orc:2    | Found Ogam's General Store.
 38334 | Orc:2    | Found a staircase to the Elven Halls.
 38358 | Orc:2    | Found Rech's Weapon Shoppe.
 38686 | Spider:1 | Entered Level 1 of the Spider Nest
 39455 | Spider:1 | Received a gift from Okawaru
 40940 | Spider:2 | Gained mutation: You have supernaturally acute eyesight. [potion of beneficial mutation]
 42186 | Spider:3 | Reached skill level 10 in Shields
 42606 | Spider:3 | Received a gift from Okawaru
 43255 | Spider:4 | Entered Level 4 of the Spider Nest
 43732 | Spider:4 | Noticed ThereIsNoGod's ghost (adept GrFi)
 43751 | Spider:4 | Killed ThereIsNoGod's ghost
 44016 | Spider:4 | Received a gift from Okawaru
 44027 | Spider:4 | Reached skill level 10 in Armour
 44086 | Spider:4 | Reached skill level 17 in Unarmed Combat
 44086 | Spider:4 | Gained mutation: You sometimes gain power by taking damage. [demonic ancestry]
 44086 | Spider:4 | Reached XP level 17. HP: 53/133 MP: 22/24
 45130 | Spider:4 | Received a gift from Okawaru
 45908 | Spider:4 | Got a gossamer rune of Zot
 46408 | Shoals:1 | Entered Level 1 of the Shoals
 48115 | Shoals:2 | Received a gift from Okawaru
 48726 | Shoals:2 | Noticed a kraken
 48764 | Shoals:2 | Killed a kraken
 49129 | Shoals:2 | Reached skill level 5 in Stealth
 49174 | Shoals:2 | Gained mutation: Your flesh is cold resistant. [demonic ancestry]
 49174 | Shoals:2 | Reached XP level 18. HP: 106/142 MP: 25/25
 50907 | Shoals:4 | Entered Level 4 of the Shoals
 51124 | Shoals:4 | Noticed Polyphemus
 51158 | Shoals:4 | HP: 6/142 [death yak[Polyphemus] (4)]
 51160 | Shoals:4 | Slain by a merfolk

Skill      XL: |  1  2  3  4  5  6  7  8  9 10 11 12 13 14 15 16 17 18 |
---------------+-------------------------------------------------------+-----
Long Blades    | 3 |  3.2
Unarmed Combat | 1 2 3 4 6 7 10 11 12 13 14 15 16 17 | 17.6
Armour         | 1 2 5 6 7 8 9 10 11 | 11.1
Invocations    | 1 2 5 7 9 10 | 10.4
Fighting       | 6 8 9 10 11 12 | 12.9
Dodging        | 5 6 8 9 10 11 12 | 12.9
Stealth        | 3 4 5 |  5.9
Shields        | 7 10 11 | 11.8
Throwing       | |  1.7

Action                   |  1- 3 |  4- 6 |  7- 9 | 10-12 | 13-15 | 16-18 || total
-------------------------+-------+-------+-------+-------+-------+-------++-------
Melee: Long sword        |   108 |       |       |       |       |       ||   108
       Unarmed           |    86 |   265 |   362 |   913 |  1854 |  1812 ||  5292
       Punch             |       |     5 |    19 |    68 |   176 |       ||   268
Throw: Throwing net      |     3 |     4 |       |       |       |       ||     7
       Tomahawk          |       |     1 |     4 |     9 |     2 |       ||    16
       Javelin           |       |       |       |       |     2 |     7 ||     9
Invok: Heroism           |       |       |     2 |    19 |    14 |    10 ||    45
  Use: Scroll            |       |     8 |     7 |     8 |    14 |     4 ||    41
       Potion            |       |       |       |     2 |     3 |     1 ||     6
 Stab: Held in net/web   |     1 |       |       |       |       |       ||     1
       Distracted        |       |     2 |       |     1 |     2 |     5 ||    10
       Sleeping          |       |     1 |     1 |    21 |    27 |    15 ||    65
  Eat: Chunk             |     4 |     9 |    26 |    36 |    57 |    24 ||   156
       Royal jelly       |       |     1 |       |       |       |     3 ||     4
       Pizza             |       |       |       |       |       |     4 ||     4
Armor: Leather armour    |    63 |       |       |       |       |       ||    63
       Ring mail         |    50 |    91 |   106 |    59 |       |       ||   306
       Chain mail        |       |       |       |    22 |       |       ||    22
       Scale mail        |       |       |       |     4 |       |       ||     4
       Troll leather arm |       |       |       |     1 |       |       ||     1
       Quicksilver drago |       |       |       |   181 |   597 |   599 ||  1377
Dodge: Dodged            |   186 |   168 |   190 |   665 |  1785 |  1642 ||  4636
Block: Shield            |       |       |       |       |   115 |  1823 ||  1938
       Reflection        |       |       |       |       |       |    49 ||    49
